 Dungeon Crawl Stone Soup version 0.31-a0-1147-g46bab52692 (webtiles) character file.

Game seed: 11254330548253297781

619 Malachi the Trooper (level 7, -5/54 HPs)
             Began as a Djinni Shapeshifter on Dec 7, 2023.
             Was a Follower of Makhleb.
             Slain by an orc priest
             ... wielding a +2 flail of protection
              (6 damage)
             ... on level 5 of the Dungeon.
             The game lasted 00:06:39 (4550 turns).

Malachi the Trooper (Djinni Shapeshifter)           Turns: 4550, Time: 00:06:39

Health: -5/54      AC:  8    Str: 13 (15) XL:     7   Next: 74%
Gold:   316        EV:  7    Int: 12      God:    Makhleb [*.....] SH:  0 Dex: 14 (16)

rFire   + . .        q - +2 hand axe (distort)
rCold   + . .        (no shield)
rNeg    . . .        a - +0 chain mail
rPois   ∞            (helmet currently unavailable)
rElec   .            (cloak currently unavailable)
rCorr   +            (gloves currently unavailable)
SInv    .            (boots unavailable)
Will    .....        (no amulet) Stlth
                     f - ring of Paranoia {Ice rCorr Dex+4}
HPRegen 0.29/turn    w - ring of protection from cold
MPRegen 0.00/turn

%: infuse magic (-6 HP)
@: beast-form, flying
A: beast (slay +2), flying, sickness immunity, fire resistance 2, cold
vulnerability 1, float, innate caster, HP casting, extra vitality 1
a: Begin Untransformation, Renounce Religion


You were on level 5 of the Dungeon.
You worshipped Makhleb.
Makhleb was aware of your devotion.
You were a hulking beast.
You visited 1 branch of the dungeon, and saw 5 of its levels.

You collected 316 gold pieces.

Inventory:

Hand Weapons
 q - a +2 hand axe of distortion (weapon)
Armour
 a - a +0 chain mail (worn)
 y - a +1 hat
 z - a +1 cloak
Jewellery
 f - the ring of Paranoia (left hand) {Ice rCorr Dex+4}
   (You acquired it on level 4 of the Dungeon)

   [ring of ice]

   Ice:       It enhances your ice magic.
   Dex+4:     It affects your dexterity (+4).
   rF-:       It makes you vulnerable to fire.
   rC+:       It protects you from cold.
   rCorr:     It protects you from acid and corrosion.
 w - a ring of protection from cold (right hand)
 x - a ring of fire
Talismans
 c - a beast talisman
 d - a flux talisman
Wands
 o - a wand of flame (18)
Scrolls
 g - a scroll of enchant weapon
 j - 2 scrolls of teleportation
 m - a scroll of noise
Potions
 b - a potion of lignification
 i - 3 potions of brilliance
 k - 4 potions of curing
 s - a potion of might


   Skills:
 + Level 5.1 Fighting
 - Level 2.2 Dodging
 - Level 4.9 Unarmed Combat
 + Level 4.4 Shapeshifting


You knew the following spells:

 Your Spells              Type           Power      Damage    Failure   Level
a - Magic Dart            Conj           0%         1d3       100%        1
b - Static Discharge      Conj/Air       0%         3-3/arc   100%        2
c - Inner Flame           Hex/Fire       0%         N/A       100%        3
Your spell library was empty.


Dungeon Overview and Level Annotations

Branches:
Dungeon (5/15)             Temple (0/1) D:5

Altars:
Elyvilon
Makhleb
Uskayaw
Xom

Annotations:
Abyss:1 Blork the orc


Innate Abilities, Weirdness & Mutations

You are a hulking beast.
Your limbs bulge with bestial killing power. (Slay +2)
You are flying.
You are immune to sickness and miasma.
You are immune to poison.
Your flesh is very heat resistant. (rF++)
You are vulnerable to cold. (rC-)
You float through the air rather than walking.
You learn spells naturally, not from books.
Your magical power is your life essence.
You have superior vitality. (+4 MHP)


Message History

You are too injured to fight recklessly!
You are too injured to fight recklessly!
You are too injured to fight recklessly!
You bump into the rock wall.
You feel less confused.
The orc priest mumbles some strange prayers to Beogh against you.
Pain shoots through your body!
* * * LOW HITPOINT WARNING * * *
The orc barely misses you.
The orc wizard hits you with a +0 dagger.
* * * LOW HITPOINT WARNING * * *
The orc priest hits you with a +2 flail of protection.
* * * LOW HITPOINT WARNING * * *
The orc hits you but does no damage. The orc hits you with a +0 dagger.
* * * LOW HITPOINT WARNING * * *
Unknown command.
You feel better. The orc wizard completely misses you.
The orc priest begins to cast a cantrip, but forgets the words!
The orc barely misses you. The orc closely misses you.
You barely miss the orc priest. You closely miss the orc wizard.
You hit the orc.
Space warps horribly around the orc!
You kill the orc!
Makhleb accepts your kill.
You hit the orc. x2; The orc blinks!
The orc priest hits you with a +2 flail of protection.
* * * LOW HITPOINT WARNING * * *
The orc wizard hits you with a +0 dagger.
* * * LOW HITPOINT WARNING * * *
The orc hits you with a +0 hand axe.
* * * LOW HITPOINT WARNING * * *
You hit the orc priest but do no damage.
Space warps horribly around the orc priest!
The orc priest is almost dead.
You hit the orc but do no damage.
Space warps horribly around the orc!
You kill the orc!
Makhleb accepts your kill.
You hit the orc wizard.
Space warps around the orc wizard.
The orc wizard closely misses you.
The orc priest hits you with a +2 flail of protection.
You die...

#...>....#####
...P.P.......
##..........# #.
............###
#.#
....o.......'.#
#.#
.........!..#.#
#.#
......)o).....#
#.# .......h# #.#
......o.#
...####.##### ###
#####+#.#
............. ..#
#.####.#####.#####
#.#
#......#......#
#.# #
#..#####.###..#
#.#
#.#..........#..#
#.##
#......###.#.#..#
#..#
#..^^......#<#..#


You could see an orc priest, an orc wizard and an orc.

Vanquished Creatures
  An ogre (D:4)
  A phantom (D:5)
  2 scorpions
  A howler monkey (D:4)
  An orc priest (D:3)
  A sleepcap (D:5)
  Ijyb (D:3)
  4 adders
  A worm (D:4)
  15 orcs
  4 bats
  11 endoplasms
  9 giant cockroaches
  9 goblins
  4 hobgoblins
  A quokka (D:4)
  10 ball pythons
  2 frilled lizards
  9 kobolds
  6 rats
93 creatures vanquished.

Notes
Turn   | Place    | Note
-------+----------+-------------------------------------------
     0 | D:1      | Malachi the Djinni Shapeshifter began the quest for the
                  | Orb.
     0 | D:1      | Reached XP level 1. HP: 17/17 MP: 0/0
   217 | D:1      | Reached XP level 2. HP: 22/22 MP: 0/0
   483 | D:1      | Reached XP level 3. HP: 14/27 MP: 0/0
   483 | D:1      | Learned a level 1 spell: Magic Dart
  1290 | D:2      | Reached XP level 4. HP: 23/33 MP: 0/0
  1439 | D:2      | Reached skill level 2 in Fighting
  1797 | D:3      | Found a faded altar of an unknown god.
  1803 | D:3      | Noticed Ijyb
  1827 | D:3      | Killed Ijyb
  1880 | D:3      | Prayed at the altar of an unknown god.
  1880 | D:3      | Became a worshipper of Elyvilon the Healer
  1880 | D:3      | Reached * piety under Elyvilon
  1886 | D:2      | Reached XP level 5. HP: 11/39 MP: 0/0
  1886 | D:2      | Learned a level 2 spell: Static Discharge
  2522 | D:3      | Was placed under penance by Elyvilon
  2574 | D:3      | Fell from the grace of Elyvilon
  2694 | D:3      | Found a hide-covered altar of Uskayaw.
  2712 | D:3      | Found a burning altar of Makhleb.
  3163 | D:3      | Reached skill level 3 in Fighting
  3326 | D:3      | Became a worshipper of Makhleb the Destroyer
  3546 | D:4      | Reached XP level 6. HP: 44/46 MP: 0/0
  3651 | D:4      | Identified a scroll of acquirement
  3651 | D:4      | Acquired the ring of Paranoia {Ice rCorr Dex+4}
  3665 | D:4      | Noticed Blork the orc
  3671 | D:4      | Banished Blork the orc
  3672 | D:4      | Reached skill level 4 in Fighting
  3809 | D:4      | Reached * piety under Makhleb
  3968 | D:4      | Noticed an ogre
  3972 | D:4      | Was forgiven by Elyvilon
  3972 | D:4      | Reached XP level 7. HP: 52/52 MP: 0/0
  3972 | D:4      | Learned a level 3 spell: Inner Flame
  4176 | D:5      | Entered Level 5 of the Dungeon
  4367 | D:5      | Reached skill level 5 in Fighting
  4526 | D:5      | Found a shimmering altar of Xom.
  4540 | D:5      | Found a staircase to the Ecumenical Temple.
  4547 | D:5      | HP: 2/54 [orc/+0 dagger (4)]
  4550 | D:5      | Slain by an orc priest

Illustrated notes

Levels and vault maps discovered:
D:1:      dpeg_arrival_triangle_fractal, layout_basic
D:2:      wander_river, layout_loops_ring, reono_crystal_passage
D:3:      layout_loops_corners, mainiacjoe_overflow_catch_the_wave,
          nicolae_ecumenical_pavilion, uniq_ijyb
D:4:      layout_loops_ring, uniq_blork_the_orc
D:5:      layout_basic, xom_teletrap_fun, minmay_temple_entry_trees

Skill      XL: |  1  2  3  4  5  6  7 |
---------------+----------------------+-----
Unarmed Combat | 4 |  4.9
Fighting       | 2 3 4 5 |  5.1
Shapeshifting  | 3 4 |  4.4
Dodging        | |  2.2

Action                     |  1- 3 |  4- 6 |  7- 9 || total
---------------------------+-------+-------+-------++-------
  Melee: Unarmed           |    81 |    51 |       ||   132
         Punch             |     2 |     3 |       ||     5
         Hand axe          |       |    84 |    26 ||   110
 Invoke: Renounce Religion |       |     1 |       ||     1
    Use: Scroll            |       |     2 |     8 ||    10
         Potion            |       |       |     6 ||     6
   Stab: Sleeping          |     1 |       |       ||     1
 Armour: Animal skin       |    33 |    10 |       ||    43
         Chain mail        |       |    95 |    22 ||   117
  Dodge: Dodged            |    42 |    41 |    15 ||    98

Table legend: (Time is in decaauts)
 A = Elapsed time spent in this place.
 B = Non-inter-level travel time spent in this place.
 C = Inter-level travel time spent in this place.
 D = Time resting spent in this place.
 E = Time spent auto-exploring this place.
 F = Levels seen in this place.
 G = Mean time per level.
                   A        B        C        D        E       F      G
               +--------+--------+--------+--------+--------+-----+--------+
         Total |   4572 |   4307 |    265 |    655 |   2973 |   5 |  914.4 |
       Dungeon |   4572 |   4307 |    265 |    655 |   2973 |   5 |  914.4 |
               +--------+--------+--------+--------+--------+-----+--------+

Top non-repeatable levels by time:
     D:3: 1268 daAuts
     D:2: 1194 daAuts
     D:1: 901 daAuts
     D:4: 827 daAuts
     D:5: 380 daAuts
